 Dungeon Crawl Stone Soup version 0.21.1-1-g345015fe64 (webtiles) character file.

3267 NullDivider the Covert (level 9, -2/49 HPs)
             Began as a Spriggan Artificer on May 10, 2018.
             Was an Initiate of Gozag.
             Slain by a wight
             ... wielding a +4 spear
              (7 damage)
             ... on level 8 of the Dungeon.
             The game lasted 00:53:56 (10565 turns).

NullDivider the Covert (Spriggan Artificer)        Turns: 10565, Time: 00:53:56

Health: -2/49      AC:  2    Str:  8    XL:     9   Next: 68%
Magic:  15/15      EV: 23    Int: 13    God:    Gozag
Gold:   1378       SH:  0    Dex: 19    Spells: 6/14 levels left

rFire    + . .     SeeInvis +   w - +2 short sword (venom)
rCold    + . .     Gourm    .   (shield restricted)
rNeg     . . .     Faith    .   b - +0 robe
rPois    .         Spirit   .   (helmet restricted)
rElec    .         Reflect  .   E - scarf {rC+ rF+}
rCorr    .         Harm     .   (gloves unavailable)
MR       +....                  (boots unavailable)
Stlth    ++++......             (no amulet)
HPRegen  0.16/turn              (no ring)
MPRegen  0.14/turn              i - ring of wizardry

@: drained, very quick
A: very small, unfitting armour, see invisible, herbivore, speed 3, slow
metabolism 2
a: Potion Petition, Call Merchant, Bribe Branch, Renounce Religion


You were on level 8 of the Dungeon.
You worshipped Gozag.
Gozag was most pleased with you.
You were near starving.

You visited 2 branches of the dungeon, and saw 9 of its levels.
You also visited: Sewer.

You collected 1424 gold pieces.
You paid 46 gold pieces to Gozag.

Inventory:

Hand Weapons
 m - a +0 shortbow
 w - a +2 short sword of venom (weapon)
 D - a +1 dagger of holy wrath
 M - a +1 dagger of speed
Missiles
 j - 194 stones (quivered)
 l - 132 arrows
 v - 45 sling bullets
Armour
 b - a +0 robe (worn)
 E - a scarf of resistance (worn)
Jewellery
 i - a ring of wizardry (right hand)
Wands
 c - a wand of flame (16)
 d - a wand of enslavement (12)
 e - a wand of random effects (51)
 B - a wand of disintegration (17)
 J - a wand of acid (6)
 N - a wand of paralysis (14)
Scrolls
 g - a scroll of amnesia {unknown}
 k - 2 scrolls of remove curse
 n - 5 scrolls of teleportation
 o - 3 scrolls of fear
 q - 2 scrolls of fog {unknown}
 s - 4 scrolls of blinking {unknown}
 u - a scroll of random uselessness {unknown}
 y - a scroll of enchant weapon {unknown}
 G - 2 scrolls of enchant armour {unknown}
 H - 2 scrolls of magic mapping {unknown}
 I - 2 scrolls of immolation {unknown}
Potions
 a - 4 potions of curing
 h - a potion of ambrosia {unknown}
 p - 2 potions of haste {unknown}
 r - a potion of degeneration {unknown}
 t - 4 potions of flight {unknown}
 x - 2 potions of agility {unknown}
 z - a potion of heal wounds {unknown}
 A - a potion of magic {unknown}
 C - 3 potions of invisibility {unknown}
 K - a potion of resistance {unknown}
Books
 F - a book of Battle

   Spells                             Type                      Level
   a - Infusion                       Charms                       1
   b - Shroud of Golubria             Charms/Translocation         2
   c - Song of Slaying                Charms                       2
   d - Spectral Weapon                Hexes/Charms                 3
   e - Regeneration                   Charms/Necromancy            3
 L - a Young Poisoner's Handbook

   Spells                             Type                      Level
   a - Sting                          Conjuration/Poison           1
   b - Poisonous Vapours              Poison/Air                   2
   c - Mephitic Cloud                 Conjuration/Poison/Air       3
   d - Olgreb's Toxic Radiance        Poison                       4
   e - Venom Bolt                     Conjuration/Poison           5
Comestibles
 f - 12 rations


   Skills:
 * Level 6.3(5.3) Fighting
 + Level 6.9(5.9) Short Blades
 + Level 8.2(7.2) Dodging
 + Level 8.5(7.5) Stealth
 + Level 3.4(2.5) Spellcasting
 + Level 1.5(0.6) Charms
 + Level 1.4(0.5) Translocations
 - Level 7.0(6.0) Evocations


You had 6 spell levels left.
You knew the following spells:

 Your Spells              Type           Power        Failure   Level  Hunger
a - Ozocubu's Armour      Chrm/Ice       #.......     26%         3    ###....
b - Mephitic Cloud        Conj/Pois/Air  #.......     28%         3    ###....
c - Shroud of Golubria    Chrm/Tloc      #.........   12%         2    ###....


Dungeon Overview and Level Annotations

Branches:
Dungeon (8/15)             Temple (1/1) D:4
   Lair: D:8-11

Altars:
Ashenzari
Fedhas
Gozag
Kikubaaqudgha
Makhleb
Nemelex Xobeh
Qazlal
Sif Muna
Trog
Uskayaw
Wu Jian
Xom
Zin

Shops:
D:6 (


Innate Abilities, Weirdness & Mutations

You are very small and have problems with some larger weapons.
You are too small for most types of armour.
You have supernaturally acute eyesight. (SInv)
You are a herbivore.
You cover ground extremely quickly.
You need consume almost no food.


Message History

The wight barely misses you.
You hit the wight but do no damage.
The wight is heavily damaged.
You barely miss the wight.
The wight is heavily damaged.
The wight hits you with an enchanted spear!
You hit the wight but do no damage.
The wight is heavily damaged.
The wight completely misses you.
You hit the wight but do no damage.
The wight is heavily damaged.
The wight hits you with an enchanted spear!
* * * LOW HITPOINT WARNING * * *
You feel drained.
* * * LOW HITPOINT WARNING * * *
You hit the wight.
The wight is severely damaged.
The wight hits you with an enchanted spear!
You die...
Your body crumbles into a pile of gold.

...###<..##### #
#..## #######..#
.........#
<#######'##
##..)## ##....)##
#.......##
#........@#
+.........z......
#.........#......
##.......##.###.#
##.....## #
##...## ##+#


You could see a wight.

Vanquished Creatures
  The ghost of VanClaymore the Martial Artist, a novice OpTm (D:6)
  Grinder (D:3)
  An orc warrior (D:7)
  2 sky beasts
  2 black bears (D:6)
  2 ogres
  4 centaurs
  A big kobold (D:7)
  A bullfrog (D:6)
  A wyvern skeleton (D:7)
  A scorpion (D:5)
  3 wights (D:8)
  3 howler monkeys
  5 crimson imps
  3 bullfrog zombies
  A quasit (D:6)
  A centaur zombie (D:6)
  A centaur skeleton (D:6)
  Crazy Yiuf (D:7)
  2 hounds
  3 orc wizards
  2 bullfrog skeletons
  4 orc priests
  6 worker ants
  A killer bee zombie (D:5)
  2 hound skeletons
  7 gnolls (D:3)
  3 oozes
  12 adders
  4 worms
  5 leopard geckos
  17 orcs
  3 ball pythons
  9 bats
  6 giant cockroaches
  3 goblins (D:1)
  2 hobgoblins
  7 jackals
  3 quokkas
  4 frilled lizards
  A jackal skeleton (D:6)
  14 kobolds
  2 leopard gecko skeletons (D:5)
  A quokka skeleton (D:4)
  10 rats
168 creatures vanquished.

Vanquished Creatures (collateral kills)
  A centaur (D:2)
  A giant cockroach (Sewer)
  A frilled lizard (Sewer)
3 creatures vanquished.

Vanquished Creatures (others)
  A bullfrog (D:7)
  A scorpion (D:7)
  2 orc priests (D:7)
  An orc wizard (D:7)
5 creatures vanquished.

Grand Total: 176 creatures vanquished

Notes
Turn   | Place    | Note
-------+----------+-------------------------------------------
     0 | D:1      | NullDivider the Spriggan Artificer began the quest for the Orb.
     0 | D:1      | Reached XP level 1. HP: 9/9 MP: 4/4
   389 | D:1      | Reached skill level 1 in Fighting
   478 | D:1      | Reached XP level 2. HP: 10/14 MP: 6/6
  1090 | D:2      | Noticed a centaur
  1100 | D:2      | Killed a centaur
  1100 | D:2      | Reached XP level 3. HP: 2/18 MP: 7/7
  1100 | D:2      | Reached XP level 4. HP: 2/23 MP: 8/8
  1534 | D:2      | Found a blossoming altar of Fedhas.
  1848 | D:2      | Found an opulent altar of Gozag.
  1864 | D:2      | Reached XP level 5. HP: 20/26 MP: 9/9
  2049 | D:2      | Became a worshipper of Gozag Ym Sagoz the Greedy
  2485 | D:3      | Noticed Grinder
  2534 | D:3      | Paralysed by Grinder for 3 turns
  2540 | D:3      | Killed Grinder
  2540 | D:3      | Reached skill level 5 in Evocations
  2540 | D:3      | Reached XP level 6. HP: 9/32 MP: 10/10
  2809 | D:3      | Found a deep blue altar of Sif Muna.
  3226 | D:3      | Found an ancient bone altar of Kikubaaqudgha.
  3226 | D:3      | Found a hide-covered altar of Uskayaw.
  3228 | D:3      | Found a glowing silver altar of Zin.
  3230 | D:3      | Found a sparkling altar of Nemelex Xobeh.
  3231 | D:3      | Found a burning altar of Makhleb.
  3405 | D:4      | Found a staircase to the Ecumenical Temple.
  3434 | D:4      | Found a glowing drain.
  3451 | Sewer    | Entered a sewer
  4200 | D:4      | Reached skill level 5 in Dodging
  4200 | D:4      | Reached XP level 7. HP: 12/36 MP: 10/12
  4240 | Temple   | Entered the Ecumenical Temple
  5978 | D:5      | Entered Level 5 of the Dungeon
  6007 | D:5      | Found a bloodstained altar of Trog.
  6025 | D:5      | Reached skill level 5 in Stealth
  6044 | D:5      | Found a shimmering altar of Xom.
  6214 | D:5      | Reached skill level 5 in Short Blades
  6345 | D:5      | Reached XP level 8. HP: 34/42 MP: 13/13
  7009 | D:6      | Found an ornate altar of the Wu Jian Council.
  7103 | D:6      | Found Litiluh's Weapon Emporium.
  7459 | D:6      | Noticed VanClaymore's ghost (novice OpTm)
  7678 | D:6      | Reached skill level 5 in Fighting
  7719 | D:6      | Learned a level 3 spell: Ozocubu's Armour
  7985 | D:6      | Reached skill level 1 in Spellcasting
  8197 | D:6      | Killed VanClaymore's ghost
  8197 | D:6      | Reached XP level 9. HP: 47/47 MP: 15/15
  8957 | D:7      | Found a shimmering altar of Xom.
  9634 | D:7      | Found a shattered altar of Ashenzari.
  9974 | D:7      | Learned a level 3 spell: Mephitic Cloud
  9977 | D:7      | Learned a level 2 spell: Shroud of Golubria
 10008 | D:7      | Found a stormy altar of Qazlal.
 10023 | D:7      | Found a runed door.
 10151 | D:7      | Noticed Crazy Yiuf
 10182 | D:7      | Killed Crazy Yiuf
 10453 | D:8      | Reached skill level 1 in Charms
 10453 | D:8      | Reached skill level 1 in Translocations
 10565 | D:8      | Slain by a wight

Skill      XL: |  1  2  3  4  5  6  7  8  9 |
---------------+----------------------------+-----
Fighting       | 1 2 3 4 5 6 |  6.3
Short Blades   | 2 3 4 5 6 |  6.9
Stealth        | 2 3 4 5 7 8 |  8.5
Dodging        | 4 5 7 8 |  8.2
Evocations     | 5 6 7 |  7.0
Spellcasting   | 2 3 |  3.4
Charms         | 1 |  1.5
Translocations | 1 |  1.4

Action                   |  1- 3 |  4- 6 |  7- 9 || total
-------------------------+-------+-------+-------++-------
Melee: Short sword       |    42 |   146 |   451 ||   639
       Dagger            |       |       |     1 ||     1
 Fire: Shortbow          |       |     5 |    42 ||    47
Evoke: Wand              |     4 |     4 |    15 ||    23
  Use: Scroll            |       |     6 |     1 ||     7
 Stab: Sleeping          |     4 |     8 |    11 ||    23
       Distracted        |       |     2 |     7 ||     9
  Eat: Ration            |       |       |     3 ||     3
Armor: Robe              |     2 |     9 |    21 ||    32
Dodge: Dodged            |    29 |   112 |   363 ||   504
